 Seeded DCSS version 0.29-a0-676-ga64570c9d2 (webtiles) character file.

Game seed: 11281427841516483749 (custom seed)

94 zeratav the Sneak (level 4, -1/26 HPs)
             Began as a Tengu Hunter on June 24, 2022.
             Succumbed to an adder's poison
             ... on level 3 of the Dungeon.
             The game lasted 00:02:06 (1766 turns).

zeratav the Sneak (Tengu Hunter)                    Turns: 1766, Time: 00:02:06

Health: -1/26      AC:  1    Str: 10    XL:     4   Next: 63%
Magic:  5/5        EV: 12    Int:  8    God:
Gold:   67         SH:  0    Dex: 24    Spells: 3/3 levels left

rFire   . . .      SeeInvis .   a - +1 shortbow {bow}
rCold   . . .      Faith    .   (shield currently unavailable)
rNeg    . . .      Spirit   .   b - +0 leather armour
rPois   .          Reflect  .   (helmet restricted)
rElec   .          Harm     .   (no cloak)
rCorr   .          Rampage  .   (no gloves)
Will    .....                   (boots unavailable)
Stlth   +++.......              (no amulet)
HPRegen 0.08/turn               (no ring)
MPRegen 0.09/turn               (no ring)

@: lethally poisoned (-1 -> -9)
A: beak, talons 3, agile 1, deformed body
a: no special abilities


You were on level 3 of the Dungeon.
You visited 1 branch of the dungeon, and saw 3 of its levels.

You collected 67 gold pieces.


Innate Abilities, Weirdness & Mutations

You have a beak for a mouth.
You have claws for feet.
You are agile. (Dex +4, Int/Str-1)
Armour fits poorly on your strangely shaped body.


   Skills:
 - Level 2.0 Fighting
 - Level 4.3 Bows
 - Level 2.1 Dodging
 + Level 4.7 Stealth


You had 3 spell levels left.
You didn't know any spells.
Your spell library contained the following spells:

 Spells                   Type           Power      Damage    Failure   Level
 Freeze                   Ice            0%         1d3       52%         1
 Static Discharge         Conj/Air       0%         N/A       65%         2
 Frozen Ramparts          Ice            0%         1d2       87%         3
 Hailstorm                Conj/Ice       0%         3d3       99%         4
 Lightning Bolt           Conj/Air       0%         1d11      100%        5
 Maxwell's Capacitive Co  Air            0%         ∞         100%        8

Inventory:

Hand Weapons
 a - a +1 shortbow (weapon) {bow}
Armour
 b - a +0 leather armour (worn)
Scrolls
 c - a scroll of immolation {!r!r}
 d - a scroll of identify {unknown}
 e - a scroll of magic mapping {unknown}
 g - a scroll of enchant armour {unknown}
 i - a scroll of fear {unknown}
Potions
 f - a potion of mutation {!q}
 h - a potion of curing {unknown}
 j - a potion of ambrosia {unknown}
 k - a potion of invisibility {unknown}

Dungeon Overview and Level Annotations

Branches:
Dungeon (3/15) Zot: 16196

Altars:

Shops:
D:2

( #........####.## #......
#........# #.##########...
#........####.#............
#........<.................
#........##†...............
#........##................
#####.#..................#.
#.....................#.
#......@..##..........#.
#.....S).#..............
#........#..............
#........# ....#.
..........# #............
#....#........
.....#....w...


You could see an adder and a dart slug.


Message History

You shoot an arrow. The arrow hits the bat!
You kill the bat!
An orc comes into view. It is wielding a +0 short sword.
You shoot an arrow. The arrow barely misses the orc.
The orc shouts!
You shoot an arrow. The arrow barely misses the orc.
You shoot an arrow. The arrow hits the orc.
You shoot an arrow. The arrow hits the orc.
An adder comes into view.
You shoot an arrow. The adder hisses angrily.
The arrow hits the orc but does no damage.
The orc hits you with a +0 short sword.
HP[-1]
You take 1 damage, and now have 25/26 hp.
You shoot an arrow. The arrow closely misses the orc.
The orc closely misses you.
You shoot an arrow. The arrow completely misses the orc.
The orc closely misses you.
You shoot an arrow.
The arrow hits the orc but does no damage.
The orc closely misses you. The adder barely misses you.
HP[+1]
Your hp is fully restored (26).
You shoot an arrow. The arrow hits the orc!
You kill the orc!
The adder closely misses you. x2
You shoot an arrow. The arrow hits the adder.
The adder barely misses you.
You shoot an arrow. The arrow closely misses the adder.
The adder bites you but does no damage. The adder bites you.
HP[-4]
You take 4 damage, and now have 22/26 hp.
You shoot an arrow. The arrow closely misses the adder.
The adder barely misses you. The adder bites you.
You are poisoned.
The adder poisons you!
HP[-3]
You take 3 damage, and now have 19/26 hp.
You are too injured to fight recklessly!
You are too injured to fight recklessly!
You are too injured to fight recklessly!
Shoot: a) +1 shortbow {bow}
Press: ? - help, Q - select action Shift-Dir - straight line, f/p - adder
Aim: an adder (lightly wounded, 51% to hit)
You shoot an arrow. The arrow closely misses the adder.
You feel sick. The adder bites you but does no damage. The adder bites you.
HP[-5]
You take 5 damage, and now have 14/26 hp.
Shoot: a) +1 shortbow {bow}
Press: ? - help, Q - select action Shift-Dir - straight line, f/p - adder
Aim: an adder (lightly wounded, 51% to hit)
You shoot an arrow. The arrow hits the adder.
You feel sick. The adder bites you.
* * * LOW HITPOINT WARNING * * *
You are more poisoned.
The adder poisons you!
HP[-4]
You take 4 damage, and now have 10/26 hp.
Shoot: a) +1 shortbow {bow}
Press: ? - help, Q - select action Shift-Dir - straight line, f/p - adder
Aim: an adder (moderately wounded, 51% to hit)
You shoot an arrow. The arrow barely misses the adder.
You feel sick. The adder bites you but does no damage.
The adder barely misses you.
HP[-2]
You take 2 damage, and now have 8/26 hp.
Shoot: a) +1 shortbow {bow}
Press: ? - help, Q - select action Shift-Dir - straight line, f/p - adder
Aim: an adder (moderately wounded, 51% to hit)
You shoot an arrow. The arrow hits the adder.
You feel sick. The adder bites you.
* * * LOW HITPOINT WARNING * * *
HP[-4]
You take 4 damage, and now have 4/26 hp.
Shoot: a) +1 shortbow {bow}
Press: ? - help, Q - select action Shift-Dir - straight line, f/p - adder
Aim: an adder (heavily wounded, 51% to hit)
You shoot an arrow. The arrow closely misses the adder.
* * * LOW HITPOINT WARNING * * *
You feel sick. The adder barely misses you. x2
A dart slug comes into view.
HP[-1]
You take 1 damage, and now have 3/26 hp.
Shoot: a) +1 shortbow {bow}
Press: ? - help, Q - select action Shift-Dir - straight line, f/p - adder
Aim: an adder (heavily wounded, 51% to hit)
You shoot an arrow. The arrow closely misses the adder.
* * * LOW HITPOINT WARNING * * *
You feel sick. The adder bites you.
* * * LOW HITPOINT WARNING * * *
You are more poisoned.
The adder poisons you! The dart slug launches a dart at you.
The slug dart hits you but does no damage.
The adder bites you but does no damage.
HP[-2]
You take 2 damage, and now have 1/26 hp.
It was a potion of mutation.
You feel extremely strange.
Your body twists and deforms.
You feel agile.
You die...

Skill      XL: |  1  2  3 |
---------------+----------+-----
Stealth        | 2 3 4 |  4.7
Fighting       | |  2.0
Bows           | |  4.3
Dodging        | |  2.1

Action                   |  1- 3 |  4- 6 || total
-------------------------+-------+-------++-------
 Fire: Shortbow          |    61 |    55 ||   116
  Use: Potion            |       |     1 ||     1
Armor: Leather armour    |     5 |     8 ||    13
Dodge: Dodged            |     7 |    21 ||    28

Levels and vault maps discovered:
D:1:      nzn_arrival_crosshair, layout_basic,
          dilly_ecumenical_altar_fadedgnrine
D:2:      layout_loops_ring, serial_shops, nicolae_shop_hallway_stairs,
          uniq_jessica
D:3:      layout_basic

Notes
Turn   | Place    | Note
-------+----------+-------------------------------------------
     0 | D:1      | zeratav the Tengu Hunter began the quest for the Orb.
     0 | D:1      | Reached XP level 1. HP: 12/12 MP: 2/2
     0 | D:1      | magus.rc [v1.9.6]
   375 | D:1      | Reached skill level 2 in Stealth
   375 | D:1      | Reached XP level 2. HP: 17/17 MP: 3/3
   626 | D:1      | Found a faded altar of an unknown god.
   907 | D:2      | Reached skill level 3 in Stealth
   955 | D:2      | Reached XP level 3. HP: 20/21 MP: 4/4
   982 | D:2      | You pick up a book of Lightning and begin reading...
   982 | D:2      | You add the spells Static Discharge, Lightning Bolt and
                  | Maxwell's Capacitive Coupling to your library.
   990 | D:2      | Noticed Jessica
   992 | D:2      | Killed Jessica
   993 | D:2      | Reached skill level 4 in Stealth
   993 | D:2      | Reached XP level 4. HP: 26/26 MP: 5/5
  1292 | D:2      | Found Semp's Weapon Emporium.
  1465 | D:3      | You pick up a book of Frost and begin reading...
  1465 | D:3      | You add the spells Freeze, Frozen Ramparts and Hailstorm to
                  | your library.
  1763 | D:3      | HP: 4/26 [adder (3)]
  1765 | D:3      | HP: 1/26 [adder (1)]
  1766 | D:3      | Gained mutation: Armour fits poorly on your strangely
                  | shaped body. [potion of mutation]
  1766 | D:3      | Gained mutation: You are agile. (Dex +4, Int/Str-1) [potion
                  | of mutation]
  1766 | D:3      | Succumbed to an adder's poison

Vanquished Creatures
  Jessica (D:2)
  An adder (D:2)
  A dart slug (D:3)
  5 orcs (D:3)
  5 ball pythons
  An endoplasm (D:1)
  A giant cockroach (D:2)
  2 goblins
  A hobgoblin (D:2)
  4 jackals (D:2)
  6 quokkas
  6 bats
  3 frilled lizards
  9 kobolds
  2 rats (D:2)
48 creatures vanquished.

Vanquished Creatures (others)
  7 plants (D:1)
7 creatures vanquished.

Grand Total: 55 creatures vanquished

Table legend:
 A = Non-vault XP
 B = Vault XP
 C = Vault XP percentage of total XP
 D = Non-vault monster count
 E = Vault monster count
 F = Vault count percentage of total count
                 A         B        C        D         E       F
            +---------+---------+-------+---------+---------+-------
      Total |      98 |      37 |  27.4 |      47 |       1 |   2.1
            +---------+---------+-------+---------+---------+-------
        D:1 |      19 |       0 |   0.0 |      12 |       0 |   0.0
        D:2 |      52 |      37 |  41.6 |      24 |       1 |   4.0
        D:3 |      27 |       0 |   0.0 |      11 |       0 |   0.0
            +---------+---------+-------+---------+---------+-------

Illustrated notes

Table legend:
 A = Kills in this place as a percentage of kills in entire the game.
 B = Kills by you in this place as a percentage of kills by you in the entire game.
 C = Kills by friends in this place as a percentage of kills by friends in the entire game.
 D = Other kills in this place as a percentage of other kills in the entire game.
 E = Experience gained in this place as a percentage of experience gained in the entire game.
 F = Experience gained in this place divided by the number of levels of this place that you have seen.
                   A       B       C       D       E      F
               +-------+-------+-------+-------+-------+----------------------
         Total | 100.0 | 100.0 |   N/A |   N/A | 100.0 |  45.0
       Dungeon | 100.0 | 100.0 |   N/A |   N/A | 100.0 |  45.0
               +-------+-------+-------+-------+-------+----------------------

Table legend: (Time is in decaauts)
 A = Elapsed time spent in this place.
 B = Non-inter-level travel time spent in this place.
 C = Inter-level travel time spent in this place.
 D = Time resting spent in this place.
 E = Time spent auto-exploring this place.
 F = Levels seen in this place.
 G = Mean time per level.
                   A        B        C        D        E       F      G
               +--------+--------+--------+--------+--------+-----+--------+
         Total |   1804 |   1751 |     53 |      0 |   1526 |   3 |  601.3 |
       Dungeon |   1804 |   1751 |     53 |      0 |   1526 |   3 |  601.3 |
               +--------+--------+--------+--------+--------+-----+--------+

Top non-repeatable levels by time:
     D:1: 845 daAuts
     D:2: 641 daAuts
     D:3: 316 daAuts
